 Dungeon Crawl Stone Soup version 0.29.1-1-gd02db6906a (webtiles) character file.

Game seed: 3407389535379544880

34141 xian the Thaumaturge (level 13, 0/73 HPs)
             Began as a Demonspawn Air Elementalist on Sept 30, 2022.
             Was a High Priest of Hepliaklqana.
             Slain by a yak (11 damage)
             ... on level 4 of the Lair of Beasts.
             The game lasted 00:55:11 (20487 turns).

xian the Thaumaturge (Demonspawn Air Elementalist) Turns: 20487, Time: 00:55:12

Health: 0/73       AC: 12    Str: 16    XL:     13   Next: 40%
Magic:  26/28      EV: 13    Int: 20    God:    Hepliaklqana [*****.]
Gold:   760        SH: 16    Dex: 16    Spells: 21/35 levels left

rFire   . . .      SeeInvis .   u - staff of air
rCold   + . .      Faith    .   K - +5 buckler of the Sun {Str+2}
rNeg    . . .      Spirit   .   B - +2 robe {Archmagi}
rPois   .          Reflect  +   c - +0 helmet
rElec   +          Harm     .   E - +1 cloak {rCorr}
rCorr   +          Rampage  .   M - +0 pair of gloves
Will    .....      Archmagi +   I - +0 pair of boots "Inkuklir" {rF+}
Stlth   +++.......              p - amulet of reflection
HPRegen 0.22/turn               t - ring of ice
MPRegen 0.21/turn               s - +6 ring of strength

@: lethally poisoned (0 -> -7), studying Unarmed Combat
A: reduced essence, thin metallic scales 2, spiny 1, corrupting presence 1,
demonic touch 2
a: Renounce Religion, Recall Ancestor, Ancestor Identity, Transference, Idealise


You were on level 4 of the Lair of Beasts.
You worshipped Hepliaklqana.
Hepliaklqana was extremely pleased with you.
You visited 3 branches of the dungeon, and saw 17 of its levels.

You collected 996 gold pieces.
You spent 236 gold pieces at shops.

Inventory:

Hand Weapons
 v - the +5 dagger of the Eternal Warrior {venom, rElec Int+2}
   (You bought it in a shop on level 5 of the Dungeon)

   It poisons the flesh of those it strikes.
   Int:       It affects your intelligence (+2).
   rElec:     It insulates you from electricity.
 C - the +1 spear of the Red Skies {venom, rElec rF+++ Will+ Dex-4}
   (You took it off a gnoll on level 3 of the Dungeon)

   It poisons the flesh of those it strikes.
   Dex:       It affects your dexterity (-4).
   rF:        It renders you almost immune to fire.
   rElec:     It insulates you from electricity.
   Will:      It increases your willpower.
Missiles
 l - 2 throwing nets
Armour
 c - a +0 helmet (worn)
 B - a +2 robe of the Archmagi (worn)
 E - a +1 cloak of preservation (worn)
 I - the +0 pair of boots "Inkuklir" (worn) {rF+}
   (You acquired it on level 1 of the Lair of Beasts)

   rF:        It protects you from fire.
 J - a +2 troll leather armour {Snorg}
 K - the +5 buckler of the Sun (worn) {Str+2}
   (You found it on level 1 of the Lair of Beasts)

   Str:       It affects your strength (+2).
 M - a +0 pair of gloves (worn)
 N - a scarf of invisibility
Magical Staves
 u - a staff of air (weapon)
Jewellery
 p - an amulet of reflection (around neck)
 s - a +6 ring of strength (right hand)
 t - a ring of ice (left hand)
 T - an amulet of magic regeneration
Wands
 n - a wand of roots (16)
 z - a wand of polymorph (11)
 A - a wand of mindburst (32)
 D - a wand of quicksilver (6)
 L - a wand of flame (26)
 O - a wand of paralysis (3)
Scrolls
 a - a scroll of brand weapon {unknown}
 g - 3 scrolls of poison
 j - 2 scrolls of magic mapping
 k - 2 scrolls of butterflies
 q - a scroll of fear
 r - 2 scrolls of blinking
 w - 8 scrolls of teleportation {unknown}
 H - a scroll of enchant armour {unknown}
 P - a scroll of immolation
 Q - a scroll of identify
 R - a scroll of enchant weapon {unknown}
Potions
 b - 2 potions of magic
 d - 2 potions of mutation {unknown}
 e - 7 potions of curing
 f - 3 potions of heal wounds
 h - 2 potions of flight {unknown}
 i - 2 potions of brilliance
 m - 2 potions of lignification
 o - 4 potions of attraction {unknown}
 x - 2 potions of might
 F - 2 potions of invisibility
 G - a potion of berserk rage
 S - a potion of haste {unknown}


   Skills:
 + Level 1.4 Fighting
 + Level 1.1 Short Blades
 + Level 1.0 Staves
 + Level 3.1 Armour
 + Level 4.4 Dodging
 + Level 4.0 Stealth
 * Level 8.4 Shields
 + Level 11.8 Spellcasting
 + Level 11.1 Conjurations
 + Level 10.8 Air Magic


You had 21 spell levels left.
You knew the following spells:

 Your Spells              Type           Power      Damage    Failure   Level
a - Shock                 Conj/Air       100%       1d9       1%          1
b - Static Discharge      Conj/Air       90%        3-15/arc  1%          2
c - Swiftness             Air            90%        N/A       1%          3
d - Airstrike             Air            45%        2d(7-23)  1%          4
e - Sticky Flame          Conj/Fire      50%        2d7       7%          4

Your spell library contained the following spells:

 Spells                   Type           Power      Damage    Failure   Level
 Conjure Flame            Conj/Fire      50%        6-21      2%          3
 Corpse Rot               Necr/Pois/Air  56%        N/A       16%         4
 Frozen Ramparts          Ice            52%        1d8       22%         3
 Ignite Poison            Fire/Tmut/Pois 17%        N/A       22%         3
 Dispel Undead            Necr           17%        3d10      56%         4
 Ice Form                 Ice/Tmut       26%        N/A       56%         4
 Summon Ice Beast         Ice/Summ       26%        N/A       56%         4
 Death Channel            Necr           8%         N/A       100%        6


Dungeon Overview and Level Annotations

Branches:
Dungeon (11/15)            Temple (1/1) D:5            Lair (5/5) D:11
  Swamp (0/4) Lair:2        Snake (0/4) Lair:3          Orc (0/2) D:11
  Slime: Lair:4-5

Altars:
Ashenzari
Cheibriados
Dithmenos
Fedhas
Gozag
Hepliaklqana
Kikubaaqudgha
Makhleb
Nemelex Xobeh
Okawaru
Qazlal
Ru
Sif Muna
Trog
Uskayaw
Vehumet
Wu Jian
Xom
Yredelemnul
Jiyva

Shops:
D:1 :   D:5 (   D:9 =   D:11 !

Annotations:
D:8 2 transporters
Lair:5 1 runed translucent door, exclusion: orange crystal statue, RogueRain17's ghost, journeyman DsCj; liarliar's ghost, journeyman FoFi; melkoren's ghost, journeyman MiBe; turdburglar's ghost, journeyman DsTm


Innate Abilities, Weirdness & Mutations

Your life essence is reduced to manifest your ancestor. (-10% HP)
You are mostly covered in thin metallic scales. (AC +3)
You are partially covered in sharp spines.
Your presence sometimes corrodes those you injure.
Your touch may inflict irresistible damage on your foes.


Message History

The cane toad misses you.
You hear a croak.
There is a stone staircase leading up, spattered with blood here.
The vampire mosquito is struck by your spines.
The vampire mosquito bites you but does no damage.
The cane toad stings you.
You are poisoned.
The cane toad poisons you! You block the yak's attack. The yak gores you.
You block the vampire mosquito's attack.
The yak is struck by your spines. The yak gores you. The death yak gores you!!
You block the yak's attack.
Sinique hits the yak with a +0 flail.
You climb upwards.
You feel very sick.
There is a stone staircase leading down, spattered with blood here.
Casting: Static Discharge (safe; 1% risk of failure)
Confirm with . or Enter, or press ? or * to list all spells.
You feel a strong surge of power!
The yak is struck by an arc of lightning!
The yak is severely wounded.
The yak is struck by an arc of lightning!
The yak is heavily wounded.
The death yak is struck by an arc of lightning!
The death yak is lightly wounded.
The cane toad is struck by an arc of lightning!
The cane toad is moderately wounded.
The yak is struck by an arc of lightning!
Your corrupting presence corrodes the yak!
The yak is moderately wounded.
The lightning grounds out.
You feel very sick.
The vampire mosquito is struck by your spines.
The vampire mosquito bites you.
The vampire mosquito draws strength from your injuries!
You block the cane toad's attack. You block the yak's attack.
The death yak is struck by your spines. The death yak gores you!!
* * * LOW HITPOINT WARNING * * *
The yak gores you.
* * * LOW HITPOINT WARNING * * *
The yak gores you but does no damage. The yak gores you!
You die...

########.##
####..##...#.##########
#..#......PP..#..#..#..
##..............#.....[
#...............#.....
##................#....
#......................
#....yRY...............
#....Y@F..............< ##
###....YYY...............
P###
#P..................#...#
...#
##............>[.....#..#
...#
##............#.#.#.....
..##
######.........#######..##
..# #.##
##...##P######.##..## ..#
##..############
#P##...#.. ..#####.....##
#.##P###...)..#..


You could see the friendly Sinique the knight, a death yak, 4 yaks, a cane toad
and a vampire mosquito (ally target).

Vanquished Creatures
  Snorg (D:10)
  Fannar (D:10)
  A hydra (Lair:2)
  2 death yaks (Lair:4)
  2 manticores (D:11)
  An elephant (Lair:3)
  4 black mambas
  A guardian serpent (Lair:3)
  7 cane toads
  A kobold demonologist (D:11)
  An unseen horror (D:10)
  5 komodo dragons
  A polar bear (Lair:4)
  A tyrant leech (Lair:2)
  16 blink frogs
  Grinder (D:4)
  2 dream sheep (Lair:5)
  33 yaks
  2 wraiths (D:11)
  A basilisk (Lair:4)
  A steam dragon (D:6)
  3 vampire mosquitoes
  Edmund (D:4)
  7 water moccasins
  An orc warrior (D:9)
  An ice beast (D:5)
  A black bear (D:3)
  16 wolves
  4 ogres
  2 centaurs
  3 kobold brigands
  3 necrophages
  A gnoll sergeant (D:8)
  6 bullfrogs
  2 scorpions (D:5)
  3 wights
  13 killer bees
  4 howler monkeys
  A crimson imp (D:8)
  2 jellies (D:6)
  Crazy Yiuf (D:3)
  Ijyb (D:3)
  Terence (D:2)
  An iguana (D:7)
  4 orc wizards
  Natasha (twice) (D:3)
  18 gnolls
  9 adders
  A shadow imp (D:7)
  2 white imps
  3 ufetubi
  3 worms
  2 dart slugs
  16 orcs
  10 bats
  3 endoplasms
  4 giant cockroaches
  6 goblins
  8 hobgoblins
  7 jackals
  3 quokkas
  8 ball pythons
  4 frilled lizards (D:1)
  24 kobolds
  9 rats
309 creatures vanquished.

Vanquished Creatures (collateral kills)
  A hydra (Lair:2)
  An oklob plant (Lair:2)
  3 elephants (Lair:3)
  A cane toad (Lair:4)
  Maggie (Lair:1)
  A kobold demonologist (D:11)
  A komodo dragon (Lair:1)
  A rime drake (Lair:3)
  A polar bear (Lair:4)
  4 blink frogs
  2 dream sheep (Lair:5)
  The ghost of middlethird the Magician, an amateur VSIE (D:3)
  A steam dragon (D:10)
  A wyvern (Lair:3)
  17 yaks
  A wraith (D:11)
  2 vampire mosquitoes (D:11)
  A swamp worm (Lair:2)
  4 water moccasins
  6 wolves
  A centaur (D:10)
  A kobold brigand (D:11)
  4 bullfrogs
  5 wights
  A killer bee (D:11)
  A howler monkey (D:7)
  3 gnolls (D:3)
  2 orcs (D:10)
  A kobold (D:11)
  A butterfly (Lair:2)
71 creatures vanquished.

Vanquished Creatures (others)
  A troll (D:5)
  A centaur (D:5)
  A hound (D:5)
  5 knights
  2 adders (D:5)
  An ufetubus (D:5)
  13 fungi
  83 plants
107 creatures vanquished.

Grand Total: 487 creatures vanquished

Notes
Turn   | Place    | Note
-------+----------+-------------------------------------------
     0 | D:1      | xian the Demonspawn Air Elementalist began the quest for
                  | the Orb.
     0 | D:1      | Reached XP level 1. HP: 13/13 MP: 3/3
    16 | D:1      | Found a faded altar of an unknown god.
   345 | D:1      | Gained mutation: Your touch may inflict minor irresistible
                  | damage on your foes. [demonic ancestry]
   345 | D:1      | Reached XP level 2. HP: 19/19 MP: 1/5
   348 | D:1      | Learned a level 2 spell: Static Discharge
   582 | D:1      | Found Hieg's Book Boutique.
  1191 | D:1      | Reached XP level 3. HP: 21/24 MP: 0/6
  2761 | D:3      | Gained mutation: You are partially covered in sharp spines.
                  | [demonic ancestry]
  2761 | D:3      | Reached XP level 4. HP: 30/30 MP: 4/7
  2812 | D:3      | Noticed Terence
  2834 | D:2      | Killed Terence
  3020 | D:3      | Noticed Natasha
  3025 | D:3      | Killed Natasha
  3065 | D:3      | Found an ornate altar of the Wu Jian Council.
  3067 | D:3      | Found an ancient bone altar of Kikubaaqudgha.
  3199 | D:3      | Gained mutation: You are partially covered in thin metallic
                  | scales. (AC +2) [demonic ancestry]
  3199 | D:3      | Reached XP level 5. HP: 35/35 MP: 0/8
  3322 | D:3      | Found a runed translucent door.
  3323 | D:3      | Noticed Crazy Yiuf
  3330 | D:3      | Killed Crazy Yiuf
  3473 | D:3      | Noticed Ijyb
  3480 | D:3      | Killed Ijyb
  3598 | D:3      | Noticed Natasha
  3604 | D:3      | Killed Natasha
  3797 | D:3      | Noticed a black bear
  3811 | D:3      | Killed a black bear
  3812 | D:3      | Reached skill level 1 in Armour
  3812 | D:3      | Gained mutation: You are mostly covered in thin metallic
                  | scales. (AC +3) [demonic ancestry]
  3812 | D:3      | Reached XP level 6. HP: 33/41 MP: 2/10
  3890 | D:3      | Identified the +1 spear of the Red Skies {venom, rElec
                  | rF+++ Will+ Dex-4}
  3921 | D:3      | Found a transporter.
  3927 | D:3      | Found a transporter.
  3929 | D:3      | Noticed middlethird's ghost (amateur VSIE)
  4437 | D:4      | Noticed Edmund
  4442 | D:4      | Noticed Grinder
  4447 | D:4      | Killed Edmund
  4448 | D:4      | Reached skill level 5 in Air Magic
  4448 | D:4      | Reached XP level 7. HP: 7/47 MP: 0/12
  4465 | D:5      | Entered Level 5 of the Dungeon
  4739 | D:4      | Paralysed by Grinder for 4 turns
  4743 | D:4      | Killed Grinder
  5175 | D:4      | Gained mutation: Your touch may inflict irresistible damage
                  | on your foes. [demonic ancestry]
  5175 | D:4      | Reached XP level 8. HP: 53/53 MP: 3/15
  5429 | D:4      | Found an iron altar of Okawaru.
  5621 | D:5      | Reached skill level 5 in Spellcasting
  5760 | D:5      | Found Sollokiq's Antique Weapon Shop.
  5808 | D:5      | Bought an iridescent dagger for 140 gold pieces
  5808 | D:5      | Identified the +5 dagger of the Eternal Warrior {venom,
                  | rElec Int+2} (You bought it in a shop on level 5 of the
                  | Dungeon)
  5941 | D:5      | Killed a troll
  6015 | D:5      | Reached skill level 5 in Conjurations
  6468 | D:5      | Found a staircase to the Ecumenical Temple.
  6497 | D:5      | Found a shimmering altar of Xom.
  6523 | Temple   | Entered the Ecumenical Temple
  6588 | Temple   | Became a worshipper of Hepliaklqana the Forgotten
  6894 | D:6      | Reached skill level 1 in Fighting
  6894 | D:6      | Reached XP level 9. HP: 24/59 MP: 18/18
  7087 | D:6      | Learned a level 3 spell: Swiftness
  7092 | D:6      | Learned a level 4 spell: Airstrike
  7213 | D:6      | Reached skill level 1 in Short Blades
  7294 | D:6      | Found a snail-covered altar of Cheibriados.
  7459 | D:6      | Reached skill level 1 in Staves
  7780 | D:6      | Reached skill level 1 in Shields
  8019 | D:6      | Reached * piety under Hepliaklqana
  8029 | D:6      | Found a shimmering blue altar of Sif Muna.
  8255 | D:7      | Found a sacrificial altar of Ru.
  8917 | D:8      | Found a burning altar of Makhleb.
  8918 | D:8      | Found a radiant altar of Vehumet.
  9272 | D:8      | Found a transporter.
  9297 | D:8      | Found a transporter.
  9299 | D:8      | Found a viscous altar of Jiyva.
  9390 | D:8      | Reached ** piety under Hepliaklqana
  9391 | D:8      | Remembered your ancestor Sinique as a knight
  9756 | D:3      | Killed middlethird's ghost
 10039 | D:9      | Found Qepoletu's Jewellery Boutique.
 10396 | D:9      | Reached XP level 10. HP: 58/58 MP: 9/21
 11276 | D:10     | Entered Level 10 of the Dungeon
 11359 | D:10     | Noticed Fannar
 11375 | D:10     | Killed Fannar
 11711 | D:10     | Found an opulent altar of Gozag.
 11711 | D:10     | Found a sparkling altar of Nemelex Xobeh.
 11751 | D:10     | Found a bloodstained altar of Trog.
 12002 | D:10     | Found a blossoming altar of Fedhas.
 12002 | D:10     | Noticed Snorg
 12011 | D:10     | Killed Snorg
 12270 | D:11     | Noticed a manticore
 12279 | D:11     | Killed a manticore
 12354 | D:11     | Gained mutation: Your presence sometimes corrodes those you
                  | injure. [demonic ancestry]
 12354 | D:11     | Reached XP level 11. HP: 63/63 MP: 17/23
 12567 | D:11     | Found a staircase to the Lair.
 12707 | D:11     | Reached *** piety under Hepliaklqana
 13009 | D:11     | Reached skill level 5 in Shields
 13057 | D:11     | Found a staircase to the Orcish Mines.
 13431 | D:11     | Found Huyl's Distillery.
 13508 | D:11     | Bought a potion of degeneration for 16 gold pieces
 13508 | D:11     | Bought a potion of heal wounds for 80 gold pieces
 13627 | Lair:1   | Entered Level 1 of the Lair of Beasts
 13706 | Lair:1   | Noticed Maggie
 13716 | Lair:1   | Killed Maggie
 14170 | Lair:1   | Identified a scroll of acquirement
 14170 | Lair:1   | Acquired the +0 pair of boots "Inkuklir" {rF+}
 14677 | Lair:1   | Identified the +5 buckler of the Sun {Str+2}
 15000 | Lair:2   | Reached **** piety under Hepliaklqana
 15025 | Lair:2   | Reached skill level 10 in Spellcasting
 15032 | Lair:2   | Reached XP level 12. HP: 68/68 MP: 10/26
 15183 | Lair:2   | Noticed a four-headed hydra
 15192 | Lair:2   | Killed a four-headed hydra
 15868 | Lair:2   | Found a staircase to the Swamp.
 15870 | Lair:2   | Noticed a seven-headed hydra
 15878 | Lair:2   | Killed a seven-headed hydra
 16337 | Lair:2   | Reached skill level 10 in Conjurations
 16711 | Lair:3   | Reached skill level 10 in Air Magic
 17695 | Lair:3   | Found a staircase to the Snake Pit.
 17721 | Lair:3   | Reached XP level 13. HP: 66/73 MP: 16/28
 18201 | Lair:3   | Reached ***** piety under Hepliaklqana
 19035 | Lair:4   | Learned a level 4 spell: Sticky Flame
 19492 | Lair:5   | Entered Level 5 of the Lair of Beasts
 19665 | Lair:5   | Found a runed translucent gate.
 19668 | Lair:5   | Noticed RogueRain17's ghost (journeyman DsCj)
 19668 | Lair:5   | Noticed melkoren's ghost (journeyman MiBe)
 19669 | Lair:5   | Noticed liarliar's ghost (journeyman FoFi)
 19671 | Lair:5   | Noticed turdburglar's ghost (journeyman DsTm)
 20487 | Lair:4   | Slain by a yak

Illustrated notes

Levels and vault maps discovered:
D:1:      moated_graveyard_arrival, layout_loops_ring,
          chequers_ecumenical_altar_simple, serial_shops, nicolae_square_shop,
          chequers_serial_rivers_micro_e
D:2:      layout_rooms, minmay_strange_pillars
D:3:      layout_rooms, mainiacjoe_overflow_catwalk_spiral,
          gammafunk_ghost_gnarly_gnolls, uniq_terence, uniq_ijyb, uniq_natasha,
          uniq_crazy_yiuf_cottage
D:4:      layout_rooms, lemuel_tele_altar, uniq_grinder, uniq_edmund
D:5:      layout_basic, xom_confusion_cloud, minmay_temple_entry_poolview,
          serial_shops, nicolae_shop_statue_plus, kennysheep_cross_bottleneck,
          minmay_crystal_water
D:6:      layout_layer_cave, mainiacjoe_overflow_boulevard,
          lemuel_blue_sif_altar
D:7:      layout_cave_pools, nicolae_ru_path_of_blood
D:8:      gammafunk_jiyva_shrine, layout_basic,
          grunt_temple_overflow_lords_of_destruction
D:9:      layout_loops_ring, good_gods_temple_1, serial_shops, shop,
          hangedman_decor_growths
D:10:     layout_basic, grunt_temple_overflow_opulence,
          mainiacjoe_overflow_six_doors_small, nicolae_overflow_crystal_walls,
          serial_corexii_hall, chequers_hall_statues_y,
          chequers_hall_statues_corner_a, uniq_fannar, uniq_snorg
D:11:     layout_loops_cross, david_lair_shrubbed, orc_0_dummy, serial_rivers,
          chequers_serial_rivers_micro_c, chequers_serial_rivers_small_a,
          chequers_serial_rivers_small_b, chequers_serial_rivers_micro_e,
          chequers_serial_rivers_micro_c, kennysheep_windowed_goal
Temple:   hellmonk_temple_micro_hex
Lair:1:   layout_long_grid, grunt_megastairs_4, uniq_maggie
Lair:2:   layout_roguey, palyth_hydra_swamp_entry, fungi_pond_lemuel,
          beast_lair_carwin_2, lemuel_fruit_tree, lemuel_fruit_fields
Lair:3:   layout_cave_shapes, minmay_snake_entry_spellcaster,
          infiniplex_staircase_pool
Lair:4:   layout_cave_pods
Lair:5:   minmay_lair_end_frog_pond, layout_cave_pods, slime_entry_1,
          gammafunk_ghost_cemetery, disabler_island

Skill      XL: |  1  2  3  4  5  6  7  8  9 10 11 12 13 |
---------------+----------------------------------------+-----
Air Magic      | 3 4 5 6 7 8 9 10 | 10.8
Dodging        | 2 3 4 |  4.4
Conjurations   | 2 3 4 5 6 7 9 10 11 | 11.1
Spellcasting   | 3 4 6 7 8 10 11 | 11.8
Armour         | 1 2 3 |  3.1
Stealth        | 2 3 4 |  4.0
Fighting       | 1 |  1.4
Short Blades   | 1 |  1.1
Staves         | 1 |  1.0
Shields        | 3 4 6 7 8 |  8.4

Action                   |  1- 3 |  4- 6 |  7- 9 | 10-12 | 13-15 || total
-------------------------+-------+-------+-------+-------+-------++-------
Melee: Unarmed           |     8 |       |       |       |       ||     8
       Dagger            |    19 |     2 |     3 |     7 |       ||    31
       Touch             |       |     1 |     3 |       |       ||     4
       Quarterstaff      |       |     2 |       |       |       ||     2
       Staff             |       |       |    10 |     4 |     2 ||    16
 Cast: Shock             |   108 |    89 |   262 |   448 |    66 ||   973
       Static Discharge  |     4 |    17 |    36 |    71 |    40 ||   168
Invok: Recall Ancestor   |       |       |     1 |       |     1 ||     2
       Ancestor Life: Kn |       |       |     1 |       |       ||     1
       Ancestor Identity |       |       |     1 |       |       ||     1
  Use: Scroll            |       |       |     8 |     9 |       ||    17
       Potion            |       |       |       |     1 |     1 ||     2
 Stab: Sleeping          |       |       |     1 |       |       ||     1
Armor: Robe              |    27 |     1 |       |    24 |    13 ||    65
       Leather armour    |       |     2 |    10 |       |       ||    12
Dodge: Dodged            |    43 |    16 |    45 |    47 |    19 ||   170
Block: Kite shield       |     2 |       |    14 |    37 |       ||    53
       Reflection        |       |       |       |     6 |       ||     6
       Buckler           |       |       |       |    52 |    51 ||   103
